 Dungeon Crawl Stone Soup version 0.17-a0-1655-g88a8506 (webtiles) character file.

308 kae the Conjurer (level 6, -7/32 HPs)
             Began as a Tengu Fire Elementalist on Aug 15, 2015.
             Was an Initiate of Vehumet.
             Mangled by an iguana (10 damage)
             ... on level 5 of the Dungeon.
             The game lasted 00:04:33 (3249 turns).

kae the Conjurer (Tengu Fire Elementalist)          Turns: 3249, Time: 00:04:33

Health: -7/32      AC:  4    Str:  8    XL:     6   Next: 40%
Magic:  0/11       EV: 12    Int: 17    God:    Vehumet [......]
Gold:   46         SH:  0    Dex: 15    Spells: 1 memorised, 10 levels left

rFire  . . .     SeeInvis .     k - +0 trident
rCold  . . .     Clarity  .     a - +0 robe
rNeg   . . .     SustAt   .     (no shield)
rPois  .         Gourm    .     (helmet restricted)
rElec  .         Spirit   .     (no cloak)
rCorr  .         Warding  .     l - +1 pair of gloves
rMut   .         Stasis   .     (boots unavailable)
MR     .....                    (no amulet)
Stlth  ++........               (no ring)
                                (no ring)

@: not resistant to hostile enchantments, unstealthy
A: beak, talons 3, able to fly 1
a: Fly, Renounce Religion


You were on level 5 of the Dungeon.
You worshipped Vehumet.
Vehumet was noncommittal.
You were near starving.

You visited 2 branches of the dungeon, and saw 7 of its levels.

You collected 121 gold pieces.
You spent 75 gold pieces at shops.

Inventory:

Hand weapons
 d - a +0 dagger
 e - a +0 spear
 k - a +0 trident (weapon)
Armour
 a - a +0 robe (worn)
 l - a +1 pair of gloves (worn)
Jewellery
 o - an uncursed amulet of stasis {unknown}
Magical devices
 p - a wand of flame (44)
Scrolls
 h - 2 scrolls of identify
 i - a scroll of vulnerability {unknown}
 n - 2 scrolls of immolation
Potions
 g - a potion of resistance {unknown}
 m - a potion of might {unknown}
Books
 b - a book of Flames

   Spells                             Type                      Level
   a - Flame Tongue                   Conjuration/Fire             1
   b - Throw Flame                    Conjuration/Fire             2
   c - Conjure Flame                  Conjuration/Fire             3
   d - Inner Flame                    Hexes/Fire                   3
   e - Sticky Flame                   Conjuration/Fire             4
   f - Fireball                       Conjuration/Fire             5
Comestibles
 c - 5 bread rations
 f - 3 meat rations
 j - 2 beef jerkies


   Skills:
 - Level 2.1 Dodging
 - Level 2.0 Stealth
 + Level 3.2 Spellcasting
 * Level 5.3 Conjurations
 * Level 5.3 Fire Magic


You had 10 spell levels left.
You knew the following spells:

 Your Spells              Type           Power        Failure   Level  Hunger
a - Flame Tongue          Conj/Fire      ###..        1%          1    None


Dungeon Overview and Level Annotations

Branches:
Dungeon (6/15)             Temple (1/1) D:5

Altars:
Ashenzari
Dithmenos
Elyvilon
Fedhas
Gozag
Makhleb
Nemelex Xobeh
Okawaru
Qazlal
Ru
Sif Muna
Trog
Vehumet
Xom

Shops:
D:4 *


Innate Abilities, Weirdness & Mutations

You have a beak for a mouth.
You have claws for feet.
You can fly.


Message History

The iguana bites you!
* * * LOW HITPOINT WARNING * * *
Casting: Flame Tongue
Confirm with . or Enter, or press ? or * to list all spells.
Aiming: Flame Tongue
Press: ? - help, Shift-Dir - straight line, f/p - iguana
Aim: an iguana (severely wounded)
The flame tongue misses the iguana.
The iguana bites you but does no damage.
Casting: Flame Tongue
Confirm with . or Enter, or press ? or * to list all spells.
You don't have enough magic to cast that spell.
Casting: Flame Tongue
Confirm with . or Enter, or press ? or * to list all spells.
You don't have enough magic to cast that spell.
Casting: Flame Tongue
Confirm with . or Enter, or press ? or * to list all spells.
You don't have enough magic to cast that spell.
The iguana bites you!
You die...

........#.[........#
*,,,,,,+,,
........'..........#
**,,,,**,,
+#####+##..........#
**,,,,**,,
...................#
*,,,,,***+
...................#
*,,,,,,,,,
........$..........#
*,,,,,,,,,
...................#
**,,,,*,,,
...................#
******,,,
................@..#
*,**
###+#...........l..#
***
,,,,#...........<..#
,,,,+..............#
,,,,*..............#
,,,,*,.............#
**,,,**##..........#
**,,,* #..........#
**,,** *.........$#


You could see an iguana.

Vanquished Creatures
  A giant frog (D:5)
  2 crimson imps (D:5)
  2 hounds
  2 worker ants
  A worker ant zombie (D:5)
  2 adders
  An ooze (D:1)
  2 worms (D:2)
  An adder zombie (D:5)
  A giant gecko (D:6)
  An orc (D:6)
  5 giant cockroaches
  5 goblins
  5 hobgoblins
  6 kobolds
  A quokka (D:6)
  4 bats
  3 giant newts
  7 rats
52 creatures vanquished.

Notes
Turn   | Place    | Note
--------------------------------------------------------------
     0 | D:1      | kae the Tengu Fire Elementalist began the quest for the Orb.
     0 | D:1      | Reached XP level 1. HP: 10/10 MP: 4/4
   473 | D:1      | Found an iron altar of Okawaru.
   579 | D:1      | Reached XP level 2. HP: 15/15 MP: 6/6
  1064 | D:1      | Reached XP level 3. HP: 19/19 MP: 3/7
  2004 | D:3      | You fall through a shaft for 3 floors!
  2033 | D:6      | Reached skill level 4 in Fire Magic
  2033 | D:6      | Reached XP level 4. HP: 18/24 MP: 1/8
  2135 | D:5      | Entered Level 5 of the Dungeon
  2135 | D:5      | Noticed a giant frog
  2140 | D:5      | Killed a giant frog
  2140 | D:5      | Gained mutation: You can fly. [Tengu growth]
  2140 | D:5      | Reached XP level 5. HP: 15/28 MP: 5/10
  2267 | D:5      | Found a staircase to the Ecumenical Temple.
  2323 | Temple   | Entered the Ecumenical Temple
  2335 | Temple   | Became a worshipper of Vehumet
  2634 | D:5      | Reached skill level 5 in Conjurations
  2634 | D:5      | Reached skill level 5 in Fire Magic
  2634 | D:5      | Reached XP level 6. HP: 17/32 MP: 11/11
  3176 | D:4      | Found Fauwnoff's Assorted Antiques.
  3181 | D:4      | Bought a green potion for 24 gold pieces
  3181 | D:4      | Bought a scroll labeled MUSTROM CE VIQ for 27 gold pieces
  3181 | D:4      | Bought a white potion for 24 gold pieces
  3249 | D:5      | Mangled by an iguana

Vault maps used:
D:1:      lightli_arrival_chessboard, okawaru_ov_weapons_minmay
D:2:      first_bread
D:3:      uniq_natasha, uniq_iyjb
D:4:      kennysheep_big_flooded_room, zin_treasury, serial_shops, shop,
          uniq_grinder
D:5:      minmay_temple_entry_junction2, minivault_25
D:6:      lemuel_ice_spiral_2, minivault_27
Temple:   dpeg_three_leaves_temple_18

Action                   |  1- 3 |  4- 6 || total
-------------------------+-------+-------++-------
Melee: Dagger            |     5 |       ||     5
       Spear             |    80 |     2 ||    82
       Trident           |       |    94 ||    94
 Cast: Flame Tongue      |    47 |    29 ||    76
  Use: Potion            |     3 |       ||     3
       Scroll            |       |     5 ||     5
 Stab: Sleeping          |     3 |     1 ||     4
       Invisible         |     2 |       ||     2
  Eat: Chunk             |     3 |     2 ||     5
       Pizza             |       |     1 ||     1
